 Dungeon Crawl Stone Soup version 0.19.5 (webtiles) character file.

128 strmesko the Magician (level 4, 0/24 HPs)
             Began as a Deep Elf Air Elementalist on Mar 26, 2017.
             Slain by Crazy Yiuf
             ... wielding a +3 quarterstaff of chaos
              (7 damage)
             ... on level 4 of the Dungeon.
             The game lasted 00:23:30 (2801 turns).

strmesko the Magician (Deep Elf Air Elementalist)   Turns: 2801, Time: 00:23:30

Health: 0/24       AC:  5    Str:  5    XL:     4   Next: 86%
Magic:  3/13       EV: 13    Int: 21    God:
Gold:   235        SH:  0    Dex: 15    Spells: 4 memorised, 6 levels left

rFire  . . .     SeeInvis .     q - +0 blowgun
rCold  . . .     Gourm    .     a - +0 robe
rNeg   . . .     Faith    .     (no shield)
rPois  .         Spirit   .     (no helmet)
rElec  .         Reflect  .     i - +2 cloak
rCorr  .         Harm     .     (no gloves)
MR     .....                    (no boots)
Stlth  ++........               (no amulet)
                                (no ring)
                                (no ring)

@: very slightly contaminated
A: no striking features
a: no special abilities


You were on level 4 of the Dungeon.
You were hungry.

You visited 1 branch of the dungeon, and saw 4 of its levels.

You collected 235 gold pieces.

Inventory:

Hand Weapons
 d - a +0 short sword of speed
 q - a +0 blowgun (weapon)
 r - a +1 whip of electrocution
Missiles
 k - 48 poisoned needles (quivered)
Armour
 a - a +0 robe (worn)
 i - a +2 cloak (worn)
Wands
 v - a wand of flame (27/48)
Scrolls
 e - 4 scrolls of identify {unknown}
 f - a scroll of immolation {unknown}
 g - a scroll of enchant weapon {unknown}
 h - a scroll of amnesia {unknown}
 o - a scroll of random uselessness {unknown}
 s - a scroll of magic mapping {unknown}
Potions
 j - 2 potions of curing
 m - 2 potions of agility {unknown}
 p - a potion of lignification {unknown}
 t - 3 potions of flight {unknown}
 w - a potion of cancellation {unknown}
Books
 b - a book of Air

   Spells                             Type                      Level
   a - Shock                          Conjuration/Air              1
   b - Swiftness                      Charms/Air                   2
   c - Repel Missiles                 Charms/Air                   2
   d - Static Discharge               Conjuration/Air              3
   e - Lightning Bolt                 Conjuration/Air              5
Comestibles
 c - 4 bread rations
 n - a meat ration
 u - 3 fruits


   Skills:
 - Level 2.4 Dodging
 - Level 2.4 Stealth
 + Level 5.6 Spellcasting
 - Level 1.1 Conjurations
 + Level 4.2 Air Magic


You had 6 spell levels left.
You knew the following spells:

 Your Spells              Type           Power        Failure   Level  Hunger
a - Shock                 Conj/Air       ###.         3%          1    None
b - Repel Missiles        Chrm/Air       ##....       8%          2    None
c - Swiftness             Chrm/Air       ##......     8%          2    None
d - Static Discharge      Conj/Air       ###.....     12%         3    ##.....


Dungeon Overview and Level Annotations

Branches:
Dungeon (4/15)
 Temple: D:4-7

Altars:
Makhleb

Annotations:
D:4 Crazy Yiuf


Message History

* * * LOW HITPOINT WARNING * * *
Casting: Shock
Confirm with . or Enter, or press ? or * to list all spells.
Aiming: Shock
Press: ? - help, Shift-Dir - straight line The zap hits Crazy Yiuf.
Crazy Yiuf completely resists.
Crazy Yiuf is moderately wounded.
The zap hits Crazy Yiuf.
Crazy Yiuf resists.
Crazy Yiuf is moderately wounded.
Crazy Yiuf closely misses you.
Casting: Shock
Confirm with . or Enter, or press ? or * to list all spells.
Aiming: Shock
Press: ? - help, Shift-Dir - straight line The zap hits Crazy Yiuf.
Crazy Yiuf resists.
Crazy Yiuf is moderately wounded.
The zap hits Crazy Yiuf.
Crazy Yiuf completely resists.
Crazy Yiuf is moderately wounded.
Crazy Yiuf hits you with a quarterstaff of chaos!
You die...

#......#.....#..
#......#.....#.. #......#
#......#.....# .#......#
#......#.....# '......#
#......#.....# #......#
#......#.....# #......#
##.....#.....# #......#
#.....#.....######......#
..<...#....@#...##......#
.......#.....g(..........#
#...####(..'###...# #...#
#....# #...# #...# ♣g...♣
#...# #...# ♣♣...♣ #...#
#...# ♣♣.♣♣ #...# #...#
♣♣.♣ #...# #... ♣.♣♣ #...#


You could see Crazy Yiuf.

Vanquished Creatures
  An orc wizard (D:3)
  A worker ant (D:4)
  An adder (D:2)
  An ooze (D:4)
  An adder skeleton (D:3)
  A worm (D:2)
  9 orcs
  4 giant cockroaches
  2 goblins (D:1)
  5 hobgoblins
  2 jackals (D:1)
  5 bats
  3 frilled lizards
  A jackal skeleton (D:3)
  9 kobolds
  A leopard gecko skeleton (D:4)
  4 rats
51 creatures vanquished.

Notes
Turn   | Place    | Note
-------+----------+-------------------------------------------
     0 | D:1      | strmesko the Deep Elf Air Elementalist began the quest for the Orb.
     0 | D:1      | Reached XP level 1. HP: 10/10 MP: 6/6
   418 | D:1      | Reached XP level 2. HP: 15/15 MP: 6/8
   422 | D:1      | Learned a level 2 spell: Repel Missiles
   425 | D:1      | Learned a level 2 spell: Swiftness
   429 | D:1      | Reached skill level 4 in Spellcasting
   903 | D:2      | Found a faded altar of an unknown god.
   939 | D:2      | Found a burning altar of Makhleb.
  1400 | D:2      | Reached XP level 3. HP: 19/19 MP: 4/10
  1747 | D:3      | Learned a level 3 spell: Static Discharge
  1939 | D:3      | Reached XP level 4. HP: 14/24 MP: 8/12
  1944 | D:3      | Reached skill level 5 in Spellcasting
  2732 | D:4      | Found a runed door.
  2778 | D:4      | Noticed Crazy Yiuf
  2801 | D:4      | Slain by Crazy Yiuf

Skill      XL: |  1  2  3  4 |
---------------+-------------+-----
Spellcasting   | 4 5 |  5.6
Air Magic      | 4 |  4.2
Dodging        | |  2.4
Stealth        | |  2.4
Conjurations   | |  1.1

Action                   |  1- 3 |  4- 6 || total
-------------------------+-------+-------++-------
Melee: Mace              |     1 |       ||     1
 Fire: Blowgun           |     9 |    18 ||    27
 Cast: Shock             |    69 |    37 ||   106
       Static Discharge  |       |     1 ||     1
  Use: Potion            |       |     2 ||     2
 Stab: Sleeping          |     1 |       ||     1
  Eat: Chunk             |     3 |     2 ||     5
Armor: Robe              |     8 |     3 ||    11
Dodge: Dodged            |    19 |    11 ||    30
